 Dungeon Crawl Stone Soup version 0.19-a0-1002-g674d22e (webtiles) character file.

79 Elitist the Charlatan (level 4, 33/34 HPs)
             Began as a Human Artificer on July 18, 2016.
             Quit the game on level 3 of the Dungeon.
             The game lasted 00:07:29 (2275 turns).

Elitist the Charlatan (Human Artificer)             Turns: 2275, Time: 00:07:29

Health: 33/34      AC:  8    Str: 13    XL:     4   Next: 64%
Magic:  6/6        EV:  9    Int: 11    God:
Gold:   38         SH:  0    Dex: 14    Spells: 0 memorised, 3 levels left

rFire  . . .     SeeInvis .     a - +0 short sword
rCold  . . .     Gourm    .     r - +0 scale mail (curse)
rNeg   . . .     Faith    +     (no shield)
rPois  .         Spirit   .     i - +1 helmet
rElec  .         Dismiss  .     (no cloak)
rCorr  .         Reflect  .     (no gloves)
SustAt .         Harm     .     (no boots)
MR     .....                    n - amulet of faith
Stlth  ..........               (no ring)
                                (no ring)

@: not resistant to hostile enchantments, extremely unstealthy
A: no striking features
a: no special abilities


You were on level 3 of the Dungeon.
You were hungry.

You visited 1 branch of the dungeon, and saw 3 of its levels.

You collected 38 gold pieces.

Inventory:

Hand Weapons
 a - a +0 short sword (weapon)
Missiles
 g - 78 stones (quivered)
 j - 39 poisoned needles
Armour
 b - a +0 leather armour
 i - a +1 helmet (worn)
 o - a +0 scale mail
 r - a cursed +0 scale mail (worn)
Jewellery
 n - an amulet of faith (around neck)
 u - an uncursed amulet of regeneration {unknown}
Wands
 c - a wand of flame (6/48)
 d - a wand of enslavement (11/24)
 e - a wand of random effects (15/48)
Scrolls
 h - 3 scrolls of blinking
Potions
 l - a potion of flight
 s - a potion of berserk rage {unknown}
 v - a potion of ambrosia {unknown}
Comestibles
 f - 2 bread rations
 k - a royal jelly
 q - 2 chunks of flesh


   Skills:
 * Level 2.4 Fighting
 * Level 2.9 Short Blades
 - Level 2.0 Dodging
 - Level 1.0 Stealth
 + Level 3.3 Evocations


You had 3 spell levels left.
You didn't know any spells.

Dungeon Overview and Level Annotations

Branches:
Dungeon (3/15)

Altars:
Elyvilon
Gozag
Nemelex Xobeh
Trog
Yredelemnul

Annotations:
D:3 1 exclusion


Message History

A gnoll comes into view.
The gnoll shouts!
An orc comes into view.
The orc shouts!
Found a dagger and a scroll labeled WAVON SASI.
Found a bloodstained altar of Trog.
A gnoll comes into view.
Press: ? - help, v - describe, . - travel
Here: a gnoll The floor.
The gnoll shouts!
You enter a teleport trap!
The teleport trap disappears.
Your surroundings suddenly seem different.
A rat comes into view.
Found a white marble altar of Elyvilon.
You hit the rat but do no damage. You barely miss the rat. The rat bites you.
Are you sure you want to abandon this character and quit the game? (Confirm with "yes".)
Okay, then.
Are you sure you want to abandon this character and quit the game? (Confirm with "yes".)

***,,,,,,,**..,*#...
##..,....,***#..*#...
##...,...##* #..*#...
#...≈≈≈...# #..*##..
#..≈≈≈≈≈..# #..##...
#..≈≈♣≈≈..# #......#
#..≈≈≈≈≈..# #......#
♣...≈≈≈...♣ #....#.#
*♣...@...♣* #....#.#
♣♣..r..♣♣ ##......#
♣♣...♣♣ #....#..#
**.....** #........
**.......** ###.>#...
*...≈≈≈...* #......##
*♣..≈≈≈≈≈..♣*
###...###
*...≈≈_≈≈...*
#...#.###
**..≈≈≈≈≈,,**
##...)...


You could see a rat.

Vanquished Creatures
  An adder (D:2)
  A gnoll (D:3)
  3 worms (D:2)
  A giant gecko (D:2)
  2 ball pythons
  4 bats
  A giant cockroach (D:1)
  13 goblins
  7 hobgoblins
  8 kobolds
  2 giant newts
  4 rats
  A spectral orc (D:2)
48 creatures vanquished.

Vanquished Creatures (collateral kills)
  2 goblins (D:2)
2 creatures vanquished.

Vanquished Creatures (others)
  Robin (D:2)
  A goblin (D:2)
2 creatures vanquished.

Grand Total: 52 creatures vanquished

Notes
Turn   | Place    | Note
-------+----------+-------------------------------------------
     0 | D:1      | Elitist the Human Artificer began the quest for the Orb.
     0 | D:1      | Reached XP level 1. HP: 15/15 MP: 3/3
   372 | D:1      | Reached XP level 2. HP: 21/21 MP: 4/4
   771 | D:2      | Reached XP level 3. HP: 26/27 MP: 5/5
   877 | D:2      | Noticed Robin
  1024 | D:2      | Your ally died
  1319 | D:2      | Found a basalt altar of Yredelemnul.
  1443 | D:2      | Found a sparkling altar of Nemelex Xobeh.
  1443 | D:2      | Found an opulent altar of Gozag.
  1531 | D:2      | Reached XP level 4. HP: 33/33 MP: 6/6
  2265 | D:3      | Found a bloodstained altar of Trog.
  2272 | D:3      | Found a white marble altar of Elyvilon.
  2275 | D:3      | Quit the game

Vault maps used:
D:1:      moated_graveyard_arrival, st_stairs_8, dk_noncrumbling_4
D:2:      grunt_temple_overflow_opulence, yredelemnul_forgotten_temple_becter,
          uniq_robin
D:3:      bloody_trog, elyvilon_altar_3, first_bread, minmay_goblin_kobold_house

Skill      XL: |  1  2  3 |
---------------+----------+-----
Short Blades   | 2 |  2.9
Fighting       | 2 |  2.4
Dodging        | |  2.0
Stealth        | |  1.0
Evocations     | |  3.3

Action                   |  1- 3 |  4- 6 || total
-------------------------+-------+-------++-------
Melee: Short sword       |   149 |    62 ||   211
Throw: Stone             |     6 |       ||     6
Evoke: Wand              |     9 |     4 ||    13
  Use: Potion            |     2 |       ||     2
       Scroll            |       |     6 ||     6
  Eat: Chunk             |     1 |     3 ||     4
Armor: Leather armour    |    24 |       ||    24
       Scale mail        |    11 |    22 ||    33
Dodge: Dodged            |    81 |    23 ||   104
